Map: Dead of Night

Players

NamroodTuo

  • Race: Zerg Zerg

Лайтовый

  • Race: Protoss Protoss
  • Spawn Location: 0:00

VOD

Have the link to the VOD?

Description

Time

  • Played on: April 4, 2023, 2 p.m.
  • Length: 24:08
Show
View Real Time Build Order
Export as new Build Order

NamroodTuo Zerg 

Build Orders:  

Get SALT Encoding   

  12  0:23  Infested Barracks  
  12  0:29  Infested SCV  
  13  0:34  Infested SCV  
  13  0:39  Infested SCV  
  15  1:00  Overlord  
  15  1:27  Infestation Level 1  
  15  1:34  Overlord  
  15  1:35  Infested SCV  
  15  1:36  Infested SCV  
  17  1:40  Infested SCV  
  18  1:53  Overlord  
  18  1:54  Infested SCV  
  19  2:20  Infested SCV  
  19  2:23  Infested Barracks  
  19  2:29  Infested SCV  
  21  2:32  Infested Refinery  
  21  2:36  Infested Refinery  
  21  2:41  Infested SCV  
  22  2:54  Infested Engineering Bay  
  22  2:57  Infested SCV  
  23  3:14  Infested Refinery  
  23  3:17  Infested SCV  
  24  3:52  Infested SCV, Infested Bunker  
  24  3:55  Infested SCV  
  30  4:15  Infested SCV  
  31  4:22  Infestation Level 2  
  31  4:36  Infested SCV x2  
  33  4:43  Stukov Infantry Weapons Level 1  
  33  4:51  Infested SCV  
  33  4:52  Infested Barracks  
  34  5:06  Infested SCV  
  35  5:17  Infested Factory  
  35  5:31  Infested SCV  
  36  5:40  Infested SCV  
  37  5:50  Infested Barracks Tech Lab  
  37  6:06  Infested SCV  
  37  6:09  Infested SCV  
  39  6:22  Anaerobic Enhancement  
  39  6:26  Overlord  
  39  6:42  Overlord  
  39  7:00  Infested Bunker  
  43  7:11  Infested SCV  
  43  7:13  Infested SCV  
  45  7:22  Broodling Gestation  
  45  7:23  Stukov Infantry Armor Level 1  
  45  7:33  Infested Diamondback  
  45  7:35  Infested Factory Tech Lab  
  48  7:43  Retinal Augmentation  
  48  7:51  Infested Bunker  
  52  8:34  Infested Marine x3  
  52  8:37  Overlord x2  
  52  8:38  Overlord x3  
  55  9:07  Infested SCV  
  56  9:15  Infested Armory  
  56  9:17  Infested SCV  
  57  9:23  Infested Bunker  
  61  10:03  Regenerative Plating  
  61  10:08  Infested SCV x2  
  61  10:09  Infested SCV  
  61  10:48  Infested Missile Turret  
  65  10:53  Infested Missile Turret  
  65  11:03  Stukov Infantry Weapons Level 2  
  65  11:15  Infested Bunker  
  65  11:29  Infestation Level 3  
  65  11:32  Saturated Cultures  
  65  11:57  Infested Missile Turret  
  69  12:21  Infested Bunker  
  69  12:29  Infested Marine  
  74  12:30  Infested Marine x7  
  74  12:31  Infested Marine x4  
  74  12:32  Caustic Mucus  
  85  12:58  Infested Bunker  
  81  13:22  Infested Bunker  
  81  13:55  Infested Bunker  
  81  13:59  Infested Missile Turret  
  81  14:02  Automated Mitosis  
  81  14:13  Stukov Infantry Armor Level 2  
  85  14:22  Infested Bunker  
  85  14:27  Infested Missile Turret  
  81  14:48  Infested SCV  
  82  14:50  Overlord x2  
  82  15:02  Acidic Enzymes  
  82  15:30  Infested Barracks  
  82  15:53  Unknown  
  82  15:57  Infested Bunker  
  86  16:08  Infested Bunker  
  90  16:11  Infested Marine x7  
  90  16:12  Infested Marine x11  
  108  17:23  Calcified Armor  
  108  17:38  Stukov Vehicle and Ship Armor Level 1  
  108  17:41  Infested Siege Tank  
  108  17:45  Overlord  
  108  17:46  Overlord x4  
  108  17:47  Aggressive Incubation  
  93  18:23  Stukov Infantry Weapons Level 3  
  93  18:52  Infested Bunker x2  
  101  19:06  Infested Bunker  
  99  20:01  Infested Bunker  
  103  20:18  Stukov Vehicle and Ship Weapons Level 1  
  102  21:43  Infested Missile Turret  
  102  21:49  Infested Siege Tank x2, Infested Missile Turret  
  108  21:50  Infested Siege Tank x2  
  108  21:53  Overlord x3  
  108  21:54  Overlord x2  
  114  22:46  Infested Marine  
  114  22:47  Infested Marine x6  
  114  22:48  Infested Marine x20  
  114  22:49  Infested Marine x13, Infested Missile Turret  
  154  23:37  Infested Marine x3  
  154  23:38  Infested Marine x16  
  154  23:39  Infested Marine  
Show
View Real Time Build Order
Export as new Build Order

Лайтовый Protoss 

Build Orders:  

Get SALT Encoding   

  12  0:04  Probe (Chrono Boost)  
  13  0:18  Probe (Chrono Boost)  
  14  0:32  Probe (Chrono Boost)  
  15  0:46  Pylon  
  15  0:53  Pylon  
  15  1:03  Assimilator  
  15  1:06  Assimilator  
  15  1:11  Probe (Chrono Boost)  
  16  1:25  Probe (Chrono Boost)  
  17  1:40  Gateway  
  17  1:52  Probe (Chrono Boost)  
  17  1:53  Assimilator  
  18  2:06  Probe (Chrono Boost)  
  18  2:09  Mothership  
  19  2:20  Probe (Chrono Boost)  
  20  2:34  Probe (Chrono Boost)  
  21  2:48  Probe (Chrono Boost)  
  22  3:02  Probe (Chrono Boost)  
  23  3:15  Probe (Chrono Boost)  
  30  6:25  Probe (Chrono Boost), Pylon  
  30  6:27  Pylon x2  
  30  6:29  Pylon  
  31  6:30  Pylon  
  31  6:33  Pylon  
  31  6:35  Pylon  
  31  6:37  Pylon  
  31  6:47  Forge  
  31  6:49  Probe (Chrono Boost)  
  31  6:50  Forge  
  32  7:03  Probe (Chrono Boost)  
  45  7:17  Probe (Chrono Boost)  
  46  7:24  Cybernetics Core  
  46  7:31  Probe (Chrono Boost)  
  47  8:46  Death Council, Warp Gate  
  71  9:41  Telekinesis, Imposing Presence  
  53  11:21  Protoss Air Weapons Level 1, Protoss Ground Weapons Level 1  
  53  11:22  Protoss Shields Level 1  
  50  11:39  Cloaking Module  
  50  11:55  Blood Shields  
  50  11:58  Probe (Chrono Boost)  
  51  12:11  Probe (Chrono Boost)  
  61  12:22  Bloodshard Resonance  
  61  12:27  Probe (Chrono Boost)  
  77  12:44  Probe (Chrono Boost)  
  78  12:55  Gateway, Soul Augmentation  
  78  12:58  Gateway  
  79  13:01  Probe (Chrono Boost), Gateway  
  76  13:36  Detect Weakness  
  64  14:03  Protoss Ground Weapons Level 2, Protoss Shields Level 2, Protoss Air Weapons Level 2  
  79  14:27  Havoc x2  
  81  14:31  Havoc  
  94  16:28  Pylon  
  94  16:29  Pylon  
  94  16:30  Pylon  
  94  16:31  Pylon  
  94  16:33  Pylon x2  
  94  16:37  Pylon  
  94  16:39  Pylon  
  91  16:41  Pylon  
  91  17:00  Protoss Air Weapons Level 3, Protoss Ground Weapons Level 3  
  91  17:01  Supplicant x4  
  91  17:02  Supplicant x4  
  107  17:26  Protoss Shields Level 3  
  123  20:21  Protoss Ground Armor Level 1, Protoss Air Armor Level 1  
Tags
 
Commander
AlarakStukov
Matchup
Co-op
Replay Pack
Multiplayer
Add a new tag
Caveats
  • Supply blocks, unpowered buildings, or Contaminate may cause inaccurate times.
  • Supply counts are checked every 10 seconds.